 Dungeon Crawl Stone Soup version 0.31.0-9-g3a7656b989 (webtiles) character file.

Game seed: 5981499309747899960

163 qw the Skirmisher (level 5, -1/29 HPs)
             Began as a Deep Elf Hunter on Feb 3, 2024.
             Slain by an iguana (2 damage)
             ... on level 4 of the Dungeon.
             The game lasted 00:00:06 (831 turns).

qw the Skirmisher (Deep Elf Hunter)                  Turns: 831, Time: 00:00:06

Health: -1/29      AC:  3    Str: 10    XL:     5   Next: 20%
Magic:  2/7        EV: 12    Int: 14    God:
Gold:   131        SH:  0    Dex: 18    Spells: 4/4 levels left

rFire   . . .        a - +1 shortbow
rCold   . . .        (shield currently unavailable)
rNeg    . . .        c - +0 leather armour
rPois   .            (no helmet)
rElec   .            (no cloak)
rCorr   .            (no gloves)
SInv    .            (no boots)
Will    .....        (no amulet)
Stlth   +            (no ring)
HPRegen 0.24/turn    (no ring)
MPRegen 0.10/turn

%: no passive effects
@: lit by a corona, glowing, very slow
A: no striking features
a: no special abilities


You were on level 4 of the Dungeon.
You visited 1 branch of the dungeon, and saw 3 of its levels.

You collected 131 gold pieces.


   Skills:
 - Level 1.5 Fighting
 + Level 8.6 Ranged Weapons
 - Level 2.4 Dodging
 - Level 1.2 Stealth


You had 4 spell levels left.
You didn't know any spells.
Your spell library was empty.

Inventory:

Hand Weapons
 a - a +1 shortbow (weapon)
Armour
 b - a +0 ring mail
 c - a +0 leather armour (worn)
Jewellery
 e - a +6 ring of dexterity
Scrolls
 f - a scroll of identify {unknown}
 g - a scroll of vulnerability {unknown}
Potions
 d - a potion of attraction {unknown}
 j - a potion of might {unknown}

Dungeon Overview and Level Annotations

Branches:
Dungeon (2/15)

Altars:

Annotations:
D:4 Dowan


Message History

Duvessa barely misses you.
Dowan hits you with a +4 antimagic dagger.
You feel your power leaking away. Duvessa barely misses you.
You shoot an arrow. The arrow hits Duvessa!
You kill Duvessa!
Dowan's eyes darken. "You have made a grave mistake."
Dowan seems to find hidden reserves of power!
Dowan barely misses you.
Dowan hits you with a +4 antimagic dagger.
You feel your power leaking away.
Your Ranged Weapons skill increases to level 8!
You have reached level 4!
You feel clever.
You have reached level 5!
You shoot an arrow. The arrow hits Dowan.
Dowan is lightly wounded.
You hear an angry hiss.
Dowan misses you. The quokka barely misses you.
Dowan hits you with a +4 antimagic dagger.
The quokka closely misses you.
You shoot an arrow. The arrow closely misses Dowan.
Dowan barely misses you.
An iguana comes into view.
The quokka barely misses you.
You shoot an arrow. The arrow hits Dowan.
Dowan is lightly wounded.
Dowan closely misses you. The quokka closely misses you.
Dowan mumbles some strange words.
Dowan blinks!
You shoot an arrow. The arrow hits the quokka.
You kill the quokka!
You shoot an arrow. The arrow closely misses the iguana.
The iguana bites you.
You shoot an arrow. The arrow barely misses the iguana.
The iguana bites you!
You shoot an arrow. The arrow barely misses the iguana.
Dowan gestures wildly while chanting.
Dowan blinks!
The iguana barely misses you.
You shoot an arrow. The arrow completely misses the iguana.
The iguana bites you.
You die...

#....#.%..######..#
#.##.###'##7P~7#..#
#. #.# #~~7#77~'..#
.. #.##~77~7#7~#.##
## #..#~ #7~7~7###
##.#7 7~~~7#7# ..#
7~7~7# %#
##..#~7#7~77~#
#..+P #7@~# ##.#
##l# .# .... .#
##ยค### ..# .## )
f.


You could see an iguana.

Vanquished Creatures
  Duvessa (D:4)
  2 adders
  2 dart slugs (D:1)
  2 ribbon worms (D:2)
  4 ball pythons
  4 endoplasms
  A goblin (D:2)
  5 hobgoblins
  4 jackals (D:1)
  A kobold (D:4)
  2 quokkas
  A bat (D:1)
  3 frilled lizards
  3 rats (D:2)
35 creatures vanquished.

Notes
Turn   | Place    | Note
-------+----------+-------------------------------------------
     0 | D:1      | qw the Deep Elf Hunter began the quest for the Orb.
     0 | D:1      | Reached XP level 1. HP: 12/12 MP: 3/3
     0 | D:1      | 0 ||| qw: Version: 0.3-a-155-g5e7d8dd
     0 | D:1      | 0 ||| qw: Game counter: 3031
     0 | D:1      | 0 ||| qw: Melee chars always use a shield: true
     0 | D:1      | 0 ||| qw: God list: Okawaru
     0 | D:1      | 0 ||| qw: Allow faded altars: false
     0 | D:1      | 0 ||| qw: Do Orc after clearing Dungeon:15 true
     0 | D:1      | 0 ||| qw: Do second Lair branch before Depths: true
     0 | D:1      | 0 ||| qw: Lair rune preference: random
     0 | D:1      | 0 ||| qw: Goals: Normal
     0 | D:1      | 0 ||| PLANNING D:1-11
   119 | D:1      | Reached XP level 2. HP: 14/16 MP: 4/4
   124 | D:1      | Reached skill level 6 in Ranged Weapons
   416 | D:1      | 416 ||| READING scroll labelled TAOWALLEUJU.
   417 | D:1      | 417 ||| READING scroll labelled FUIMORGHAMI.
   418 | D:1      | 418 ||| READING scroll labelled PAXECSIFRAWN.
   419 | D:1      | 419 ||| READING scroll labelled LEHOUS SUDUEWU.
   423 | D:1      | 423 ||| READING scroll labelled PAUSACV SORGHO.
   424 | D:1      | 424 ||| READING scroll labelled RAIVOMNU GOIR.
   424 | D:1      | 424 ||| ENCHANTING +0 shortbow.
   425 | D:1      | 425 ||| DRINKING 2 lumpy emerald potions.
   426 | D:1      | 426 ||| DROPPING scroll of butterflies.
   506 | D:2      | Reached XP level 3. HP: 20/20 MP: 5/5
   526 | D:2      | HP: 5/20 [poisoned by an adder]
   640 | D:2      | Reached skill level 7 in Ranged Weapons
   722 | D:2      | You fall into a shaft and drop 2 floors!
   809 | D:4      | Noticed Dowan
   810 | D:4      | Noticed Duvessa
   815 | D:4      | 815 ||| RETREEEEATING.
   820 | D:4      | HP: 3/20 [Duvessa/+0 short sword (6)]
   821 | D:4      | 821 ||| DRINKING potion of heal wounds.
   823 | D:4      | Killed Duvessa
   824 | D:4      | Reached skill level 8 in Ranged Weapons
   824 | D:4      | Reached XP level 4. HP: 10/25 MP: 1/6
   824 | D:4      | Reached XP level 5. HP: 11/29 MP: 1/7
   829 | D:4      | HP: 1/29 [iguana (9)]
   831 | D:4      | Slain by an iguana

Levels and vault maps discovered:
D:1:      amcnicky_arrival_flooded_fountain, layout_basic
D:2:      layout_rooms, serial_shops, nicolae_shop_competitors_out_of_business,
          ebering_ecumenical_altar_rust, minmay_pentomino_pile
D:4:      layout_rooms, nemelex_xobeh_ov_fountains_minmay,
          kennysheep_little_box, gammafunk_ghost_split, serial_shops,
          nicolae_square_shop, saegor_snake_ambush, uniq_duvessa

Skill      XL: |  1  2  3 |
---------------+----------+-----
Ranged Weapons | 6 8 |  8.6
Fighting       | |  1.5
Dodging        | |  2.4
Stealth        | |  1.2

Action                     |  1- 3 |  4- 6 || total
---------------------------+-------+-------++-------
   Fire: Shortbow          |   109 |     8 ||   117
    Use: Scroll            |     6 |       ||     6
         Potion            |     2 |       ||     2
 Armour: Leather armour    |    26 |     4 ||    30
  Dodge: Dodged            |    27 |     8 ||    35

Table legend:
 A = Non-vault XP
 B = Vault XP
 C = Vault XP percentage of total XP
 D = Non-vault monster count
 E = Vault monster count
 F = Vault count percentage of total count
                 A         B        C        D         E       F
            +---------+---------+-------+---------+---------+-------
      Total |      56 |     177 |  76.0 |      27 |       8 |  22.9
            +---------+---------+-------+---------+---------+-------
        D:1 |      27 |       0 |   0.0 |      13 |       0 |   0.0
        D:2 |      25 |      18 |  41.9 |      12 |       4 |  25.0
        D:4 |       4 |     159 |  97.5 |       2 |       4 |  66.7
            +---------+---------+-------+---------+---------+-------
